 Dungeon Crawl Stone Soup version 0.20-a0-2-g2b0e13a (webtiles) character file.

7840 Kaname the Tainter (level 11, -7/92 HPs)
             Began as a Demonspawn Venom Mage on Oct 30, 2016.
             Was a High Priest of Okawaru.
             Hit by a large rock thrown by a stone giant (43 damage)
             ... on level 2 of the Orcish Mines.
             The game lasted 00:48:25 (12985 turns).

Kaname the Tainter (Demonspawn Venom Mage)         Turns: 12985, Time: 00:48:25

Health: -7/92      AC: 15    Str: 13    XL:     11   Next: 2%
Magic:  0/16       EV: 12    Int: 20    God:    Okawaru [*****.]
Gold:   861        SH:  0    Dex: 13    Spells: 4 memorised, 7 levels left

rFire  . . .     SeeInvis .     z - +8 hand axe of the Shoals {flame, rPois Str+6}
rCold  . . .     Gourm    .     K - +4 ring mail
rNeg   . . .     Faith    .     (no shield)
rPois  +         Spirit   .     t - +0 helmet
rElec  .         Reflect  .     k - +0 cloak
rCorr  .         Harm     .     i - +2 pair of gloves
MR     +....                    h - +0 pair of boots
Stlth  ++........               r - amulet of magic regeneration
                                (no ring)
                                F - ring of protection from magic

@: about to teleport, radiating poison, very slightly contaminated
A: talons 1, low mp 1, sense surroundings 1, robust 1, spiny 1, weak 1, rot
immunity, sturdy frame 2
a: Heroism, Finesse, Renounce Religion


You were on level 2 of the Orcish Mines.
You worshipped Okawaru.
Okawaru was extremely pleased with you.
You were hungry.

You visited 3 branches of the dungeon, and saw 13 of its levels.

You collected 861 gold pieces.

Inventory:

Hand Weapons
 z - the +8 hand axe of the Shoals (weapon) {flame, rPois Str+6}
   (You found it on level 5 of the Dungeon)

   It has been specially enchanted to burn those struck by it, causing extra
   injury to most foes and up to half again as much damage against particularly
   susceptible opponents.
   Big, fiery blades are also staple armaments of hydra-hunters.
   It affects your strength (+6).
   It protects you from poison.
Missiles
 C - 5 javelins (quivered)
Armour
 h - a +0 pair of boots (worn)
 i - a +2 pair of gloves (worn)
 k - a +0 cloak (worn)
 t - a +0 helmet (worn)
 K - a +4 ring mail (worn)
Jewellery
 r - an amulet of magic regeneration (around neck)
 F - a ring of protection from magic (left hand)
Wands
 w - a wand of slowing (30/48)
 y - a wand of lightning (0/15)
 D - a wand of polymorph (11/24)
 H - a wand of confusion (15/48)
Scrolls
 d - 3 scrolls of magic mapping
 l - 2 scrolls of enchant armour
 m - a scroll of recharging
 u - 3 scrolls of fog
 v - a scroll of teleportation
 A - a scroll of blinking
 B - 5 scrolls of remove curse
 I - a scroll of noise {unknown}
 J - a scroll of enchant weapon {unknown}
Potions
 a - a potion of flight
 b - a potion of magic {unknown}
 e - 3 potions of brilliance
 f - 2 potions of heal wounds {unknown}
 g - 7 potions of curing
 j - a potion of beneficial mutation
 n - a potion of mutation
 o - 2 potions of haste
 p - a potion of cancellation
 G - a potion of berserk rage
Comestibles
 c - 12 bread rations
 q - 7 meat rations
 s - a slice of pizza
 x - a beef jerky
 E - a royal jelly


   Skills:
 - Level 7.0 Fighting
 - Level 1.7 Dodging
 + Level 3.0 Stealth
 - Level 5.1 Spellcasting
 - Level 10.0 Conjurations
 - Level 2.1 Air Magic
 - Level 10.1 Poison Magic
 - Level 4.2 Invocations


You had 7 spell levels left.
You knew the following spells:

 Your Spells              Type           Power        Failure   Level  Hunger
a - Sting                 Conj/Pois      ####         1%          1    None
b - Mephitic Cloud        Conj/Pois/Air  ####....     1%          3    ##.....
c - Olgreb's Toxic Radia  Pois           #####...     2%          4    ####...
d - Venom Bolt            Conj/Pois      #####.....   8%          5    #####..


Dungeon Overview and Level Annotations

Branches:
Dungeon (10/15)            Temple (1/1) D:4            Lair (0/6) D:8
    Orc (2/2) D:10            Elf (0/3) Orc:2

Altars:
Ashenzari
Cheibriados
Dithmenos
Gozag
Hepliaklqana
Kikubaaqudgha
Makhleb
Okawaru
Sif Muna
Trog
Uskayaw
Vehumet
Zin
The Shining One


Innate Abilities, Weirdness & Mutations

You have sharp toenails.
You are partially covered in sharp spines.
You are immune to rotting.
Your movements are less encumbered by armour. (ER -4)
Your magical capacity is low. (-10% MP)
You passively map a small area around you.
You are robust. (+10% HP)
You are weak. (Str -2)


Message History

You kill the orc wizard!
Okawaru accepts your kill.
The orc priest looks as sick as possible!
The orc warrior looks as sick as possible!
The stone giant looks even sicker.
The orc looks even sicker.
You kill the orc wizard!
Okawaru accepts your kill.
You kill the orc!
Okawaru accepts your kill.
You kill the orc priest!
Okawaru accepts your kill.
Your Stealth skill increases to level 3!
You kill the orc priest!
Okawaru accepts your kill. The orc wizard casts a spell at you.
The puff of frost hits you!
The orc warrior hits you with a dire flail!!
The orc warrior hits you with a scimitar!
The stone giant throws a large rock.
The large rock hits you!!!
You die...

* .....#$....o..# *
#..... $...).)o.o...# *
$..... ...)...[.....#
*,......###.....)..#.##
....... #ooo))..## #
,.)....(#..o)$.###
...._...)...o..** *
..)..[ooo..C).., * ,
,..o..o.@.).o... *
*.####..$o.$..$. *
#........o. , *
....(....##.
##.........# ,
#....##+### , , .#..##,
, >##<. , , * , ,


You could see a stone giant, an orc knight, 9 orc warriors, an orc priest, 2 orc
wizards and an orc.

Vanquished Creatures
  The ghost of Zigma the Grappler, a novice DrTm of Qazlal (D:10)
  The ghost of gluemaker the Grappler, a novice TrBe of Trog (D:7)
  Psyche (D:9)
  2 trolls (D:10)
  Grinder (D:6)
  A hippogriff (D:10)
  A hungry ghost (D:8)
  A warg (Orc:1)
  2 water moccasins
  3 ice beasts
  2 necrophages (D:9)
  2 sky beasts
  6 orc warriors
  5 phantoms
  2 black bears
  4 ogres
  The ghost of gluemaker the Poker, an amateur DsGl of Ashenzari (D:4)
  4 centaurs
  7 bullfrogs
  4 scorpions
  7 killer bees
  5 wights (D:8)
  2 howler monkeys
  3 crimson imps
  A quasit (D:9)
  5 hounds
  2 bullfrog skeletons (D:9)
  A jelly (D:7)
  9 orc priests
  7 orc wizards
  A centaur skeleton (D:9)
  Jessica (D:2)
  3 iguanas
  6 worker ants
  A hound zombie (D:8)
  2 hound skeletons
  Robin (D:2)
  A howler monkey skeleton (D:10)
  12 adders
  4 gnolls (D:2)
  2 shadow imps (D:10)
  2 adder skeletons
  2 worms
  2 dart slugs
  6 leopard geckos
  42 orcs
  4 ball pythons
  4 giant cockroaches
  17 goblins
  7 hobgoblins
  12 jackals
  4 quokkas
  7 bats
  5 frilled lizards
  7 kobolds
  A leopard gecko zombie (D:9)
  13 rats
262 creatures vanquished.

Vanquished Creatures (others)
  An orc (Orc:2)
1 creature vanquished.

Grand Total: 263 creatures vanquished

Notes
Turn   | Place    | Note
-------+----------+-------------------------------------------
     0 | D:1      | Kaname the Demonspawn Venom Mage began the quest for the Orb.
     0 | D:1      | Reached XP level 1. HP: 13/13 MP: 3/3
   236 | D:1      | Reached skill level 1 in Conjurations
   478 | D:1      | Gained mutation: Your movements are slightly less encumbered by armour. (ER -2) [demonic ancestry]
   478 | D:1      | Reached XP level 2. HP: 17/19 MP: 1/5
  1064 | D:2      | Gained mutation: You are immune to rotting. [demonic ancestry]
  1064 | D:2      | Reached XP level 3. HP: 24/24 MP: 2/6
  1073 | D:2      | Noticed Robin
  1177 | D:1      | Learned a level 3 spell: Mephitic Cloud
  1267 | D:2      | Killed Robin
  1535 | D:2      | Gained mutation: Your movements are less encumbered by armour. (ER -4) [demonic ancestry]
  1535 | D:2      | Reached XP level 4. HP: 30/30 MP: 1/7
  1634 | D:2      | Noticed Jessica
  1844 | D:2      | Killed Jessica
  1844 | D:2      | Reached skill level 1 in Air Magic
  2076 | D:2      | Reached XP level 5. HP: 35/35 MP: 2/8
  2157 | D:2      | Learned a level 4 spell: Olgreb's Toxic Radiance
  2776 | D:3      | Found a glowing silver altar of Zin.
  2827 | D:3      | Found an ancient bone altar of Kikubaaqudgha.
  3716 | D:4      | Reached skill level 5 in Poison Magic
  3926 | D:3      | Reached XP level 6. HP: 26/41 MP: 6/9
  4143 | D:4      | Noticed gluemaker's ghost (amateur DsGl)
  4380 | D:4      | Found a staircase to the Ecumenical Temple.
  4438 | Temple   | Entered the Ecumenical Temple
  4467 | Temple   | Became a worshipper of Warmaster Okawaru
  5226 | D:5      | Entered Level 5 of the Dungeon
  5312 | D:5      | Got an ichor-stained hand axe
  5313 | D:5      | Identified the +8 hand axe of the Shoals {flame, rPois Str+6} (You found it on level 5 of the Dungeon)
  5392 | D:5      | Reached XP level 7. HP: 46/46 MP: 7/10
  5922 | D:6      | Noticed Grinder
  6020 | D:5      | Reached * piety under Okawaru
  6148 | D:5      | Learned a level 5 spell: Venom Bolt
  6321 | D:6      | Reached skill level 5 in Spellcasting
  6321 | D:6      | Reached XP level 8. HP: 41/52 MP: 15/15
  6670 | D:6      | Reached skill level 1 in Invocations
  6845 | D:6      | Found a deep blue altar of Sif Muna.
  6914 | D:6      | Paralysed by Grinder for 7 turns
  6945 | D:6      | Killed Grinder
  7043 | D:4      | Killed gluemaker's ghost
  7184 | D:6      | Reached skill level 5 in Conjurations
  7463 | D:7      | Reached ** piety under Okawaru
  7483 | D:7      | Noticed gluemaker's ghost (novice TrBe)
  7764 | D:7      | Found an opulent altar of Gozag.
  7872 | D:7      | Gained mutation: You are partially covered in sharp spines. [demonic ancestry]
  7872 | D:7      | Reached XP level 9. HP: 37/57 MP: 16/16
  8054 | D:7      | Found a glowing golden altar of the Shining One.
  8077 | D:7      | Got an amethyst-encrusted chain mail
  8088 | D:7      | Identified the +5 chain mail of Disguise {-Cast -Tele MR++ Str+2} (You found it on level 7 of the Dungeon)
  8139 | D:7      | Found a shadowy altar of Dithmenos.
  8248 | D:8      | Found a shattered altar of Ashenzari.
  8289 | D:8      | Found a staircase to the Lair.
  8407 | D:8      | Found a hide-covered altar of Uskayaw.
  8408 | D:8      | Noticed a dagger
  8408 | D:8      | Noticed a dagger
  9159 | D:8      | Found a radiant altar of Vehumet.
  9327 | D:9      | Reached *** piety under Okawaru
  9636 | D:9      | Gained mutation: You are robust. (+10% HP) [mutagenic meat]
  9637 | D:9      | Gained mutation: You are weak. (Str -2) [mutagenic meat]
  9638 | D:9      | Gained mutation: Your magical capacity is low. (-10% MP) [mutagenic meat]
  9639 | D:9      | Gained mutation: You passively map a small area around you. [mutagenic meat]
 10249 | D:9      | Reached XP level 10. HP: 52/69 MP: 15/15
 10345 | D:9      | Noticed Psyche
 10352 | D:9      | Killed Psyche
 10352 | D:9      | Reached skill level 10 in Poison Magic
 10535 | D:10     | Entered Level 10 of the Dungeon
 10641 | D:10     | Reached **** piety under Okawaru
 10747 | D:10     | Noticed Zigma's ghost (novice DrTm)
 11040 | D:10     | Reached skill level 10 in Conjurations
 11188 | D:10     | Reached skill level 1 in Fighting
 11799 | D:7      | Found a glowing golden altar of the Shining One.
 12213 | D:7      | Found an opulent altar of Gozag.
 12263 | D:7      | Killed gluemaker's ghost
 12263 | D:7      | Reached skill level 5 in Fighting
 12437 | D:10     | Killed Zigma's ghost
 12437 | D:10     | Reached ***** piety under Okawaru
 12485 | D:10     | Found a staircase to the Orcish Mines.
 12608 | Orc:1    | Entered Level 1 of the Orcish Mines
 12979 | Orc:2    | Entered Level 2 of the Orcish Mines
 12979 | Orc:2    | Noticed an orc knight
 12979 | Orc:2    | Noticed a stone giant
 12983 | Orc:2    | Found a bloodstained altar of Trog.
 12983 | Orc:2    | Found a staircase to the Elven Halls.
 12984 | Orc:2    | Gained mutation: You have sharp toenails. [demonic ancestry]
 12984 | Orc:2    | Reached XP level 11. HP: 67/92 MP: 0/16
 12985 | Orc:2    | Hit by a large rock thrown by a stone giant

Vault maps used:
D:1:      grunt_arrival_crossed_arrows, minmay_hexomino_u4
D:2:      uniq_robin, uniq_jessica
D:3:      kiku_gazebo_pond_becter, lemuel_round_altar,
          minmay_misc_feat_four_crosses
D:4:      first_bread
D:5:      corexii_mini_fake_secret_closet
D:6:      kennysheep_mini, uniq_grinder
D:7:      nicolae_overflow_hidden_temple, tso_altar, grunt_gozag_statues
D:8:      dancing_weapons_uskayaw, vehumet_crystals, lair_0_dummy, basic_altar
D:9:      uniq_psyche
D:10:     orc_0_dummy
Temple:   oiseaux_autumnal_temple
Orc:2:    st_orc_ogre_mass, basic_altar, statue_in_the_mist_lemuel,
          kennysheep_orc_chapel

Skill      XL: |  1  2  3  4  5  6  7  8  9 10 11 |
---------------+----------------------------------+-----
Conjurations   | 1 2 3 4 6 9 10 | 10.0
Air Magic      | 2 |  2.1
Poison Magic   | 5 6 7 8 9 10 | 10.1
Spellcasting   | 5 |  5.1
Invocations    | 4 |  4.2
Fighting       | 7 |  7.0
Stealth        | 2 3 |  3.0
Dodging        | |  1.7

Action                   |  1- 3 |  4- 6 |  7- 9 | 10-12 || total
-------------------------+-------+-------+-------+-------++-------
Melee: Spear             |   102 |    92 |       |       ||   194
       Flail             |       |    46 |       |       ||    46
       Dagger            |       |    79 |       |       ||    79
       Hand axe          |       |     1 |   220 |   109 ||   330
       Punch             |       |       |     1 |     1 ||     2
Throw: Javelin           |       |       |     3 |       ||     3
 Cast: Sting             |    41 |    78 |    60 |    27 ||   206
       Mephitic Cloud    |       |     2 |     1 |     2 ||     5
       Venom Bolt        |       |       |     1 |     3 ||     4
       Olgreb's Toxic Ra |       |       |       |    16 ||    16
Invok: Heroism           |       |       |     4 |     4 ||     8
Evoke: Wand              |       |       |       |     3 ||     3
  Use: Scroll            |     1 |    10 |     6 |     3 ||    20
       Potion            |       |       |       |     1 ||     1
 Stab: Sleeping          |     1 |     3 |     2 |       ||     6
       Distracted        |       |     1 |       |       ||     1
       Confused          |       |       |     2 |     1 ||     3
  Eat: Chunk             |     3 |    13 |    17 |     9 ||    42
       Pizza             |       |       |     1 |       ||     1
       Fruit             |       |       |     4 |       ||     4
       Beef jerky        |       |       |       |     2 ||     2
Armor: Robe              |    38 |       |       |       ||    38
       Animal skin       |       |    73 |    80 |    31 ||   184
       Ring mail         |       |       |       |    12 ||    12
Dodge: Dodged            |    44 |   131 |   144 |    56 ||   375
